 Dungeon Crawl Stone Soup version 0.30-a0-1066-g63dfefce0d (webtiles) character file.

Game seed: 4300034026332655325

78 Newt the Shooter (level 4, -2/30 HPs)
             Began as a Kobold Hunter on Apr 12, 2023.
             Killed from afar by a white imp (14 damage)
             ... with a puff of frost
             ... on level 3 of the Dungeon.
             The game lasted 00:01:23 (1306 turns).

Newt the Shooter (Kobold Hunter)                    Turns: 1306, Time: 00:01:24

Health: -2/30      AC:  3    Str:  8    XL:     4   Next: 61%
Magic:  4/4        EV: 14    Int: 13    God:
Gold:   92         SH:  0    Dex: 20    Spells: 3/3 levels left

rFire   + . .      SeeInvis .    l - +8 dagger of Joysch {speed, rF+ Int+3}
rCold   . . .      Faith    .    (no shield)
rNeg    . . .      Spirit   .    c - +0 leather armour
rPois   .          Reflect  .    (no helmet)
rElec   .          Rampage  .    (no cloak)
rCorr   .                        (no gloves)
Will    .....                    (no boots)
Stlth   +++                      (no amulet)
HPRegen 0.25/turn                k - ring of flight
MPRegen 0.09/turn                (no ring)

@: flying
A: small, no large weapons, nightstalker 3
a: no special abilities


You were on level 3 of the Dungeon.
You visited 1 branch of the dungeon, and saw 3 of its levels.

You collected 92 gold pieces.

Inventory:

Hand Weapons
 a - a +0 shortbow
 l - the +8 dagger of Joysch (weapon) {speed, rF+ Int+3}
   (You found it on level 2 of the Dungeon)

   Int:       It affects your intelligence (+3).
   rF:        It protects you from fire.
Missiles
 m - 3 curare-tipped darts
Armour
 c - a +0 leather armour (worn)
Jewellery
 k - a ring of flight (left hand)
Scrolls
 b - a scroll of immolation
Potions
 d - a potion of haste
 e - a potion of invisibility
 f - a potion of heal wounds {unknown}
 g - a potion of flight {unknown}
 h - a potion of brilliance {unknown}
 i - a potion of resistance {unknown}


   Skills:
 + Level 4.9 Fighting
 - Level 5.3 Ranged Weapons
 - Level 2.4 Dodging
 - Level 1.3 Stealth


You had 3 spell levels left.
You didn't know any spells.
Your spell library contained the following spells:

 Spells                   Type           Power      Damage    Failure   Level
 Necrotise                Necr           0%         1d4       41%         1
 Call Canine Familiar     Summ           0%         N/A       80%         3
 Portal Projectile        Hex/Tloc       0%         N/A       80%         3
 Vampiric Draining        Necr           0%         2d6       80%         3
 Leda's Liquefaction      Hex/Erth       0%         N/A       99%         4
 Agony                    Necr           0%         N/A       100%        5


Dungeon Overview and Level Annotations

Branches:
Dungeon (3/15)

Altars:


Innate Abilities, Weirdness & Mutations

You are small and have problems with some larger weapons.
You are completely attuned to the shadows.


Message History

The white imp completely misses you.
You hit the white imp.
The white imp is almost dead.
The white imp misses you.
The white imp shouts, "Scamper away, thou fawning nut-hook mendicant!"
The white imp hits you. The white imp freezes you.
You barely miss the white imp.
The white imp is heavily wounded.
The white imp hits you but does no damage.
The white imp misses you.
You closely miss the white imp.
The white imp is heavily wounded.
You are too confused!
You are too confused!
You are too confused!
You are too confused!
You are too confused!
The white imp attacks as you move away! The white imp misses you.
You hear the slow rusting of a very distant drain.
The white imp completely misses you.
Things that are here:
a +0 flail; a +0 leather armour; an orc corpse You bump into the rock wall.
The white imp gestures at you. The puff of frost hits you!
The white imp barely misses you.
You hit the white imp but do no damage.
The white imp is heavily wounded.
The white imp gestures at you. The puff of frost hits you!
The white imp hits you but does no damage.
You bump into the rock wall.
You feel less invigorated.
You feel less confused.
The white imp hits you but does no damage.
The white imp hits you. The white imp freezes you.
You puncture the white imp!
You kill the white imp!
The white imp closely misses you. The white imp gestures at you.
The puff of frost hits you!
You die...

......###
........#
......<..
........# #.##
#5@# ##)# #.# #.#
......# #.#
<.....# ###.###
......## #.....#
.......# #..##...
#.<..#####''####|


You could see a white imp.

Vanquished Creatures
  2 adders
  A white imp (D:3)
  A worm (D:2)
  2 dart slugs
  An orc (D:3)
  5 ball pythons
  3 bats
  5 endoplasms
  2 giant cockroaches
  7 goblins
  5 hobgoblins
  2 jackals (D:2)
  A quokka (D:1)
  2 frilled lizards
  A kobold (D:1)
  A rat (D:1)
41 creatures vanquished.

Notes
Turn   | Place    | Note
-------+----------+-------------------------------------------
     0 | D:1      | Newt the Kobold Hunter began the quest for the Orb.
     0 | D:1      | Reached XP level 1. HP: 12/12 MP: 1/1
   167 | D:1      | Reached XP level 2. HP: 18/18 MP: 2/2
   202 | D:1      | Found a faded altar of an unknown god.
   523 | D:1      | Reached XP level 3. HP: 23/23 MP: 3/3
   885 | D:2      | Reached XP level 4. HP: 30/30 MP: 4/4
  1018 | D:2      | Identified the +8 dagger of Joysch {speed, rF+ Int+3}
  1292 | D:3      | HP: 1/30 [white imp/puff of frost (6)]
  1306 | D:3      | Killed from afar by a white imp

Illustrated notes

Levels and vault maps discovered:
D:1:      dpeg_arrival_rooms_c, layout_loops_ring,
          ebering_ecumenical_altar_rust, hangedman_abyss_or_decor_lesser_grid
D:2:      layout_rooms, kennysheep_generic_room_2
D:3:      layout_rooms, portal_sewer_entry_b, kennysheep_generic_room_5

Skill      XL: |  1  2  3 |
---------------+----------+-----
Fighting       | 3 4 |  4.9
Ranged Weapons | |  5.3
Dodging        | |  2.4
Stealth        | |  1.3

Action                     |  1- 3 |  4- 6 || total
---------------------------+-------+-------++-------
  Melee: Shortbow          |     3 |       ||     3
         Dagger            |       |    20 ||    20
   Fire: Shortbow          |    52 |    23 ||    75
    Use: Scroll            |     3 |     1 ||     4
         Potion            |     1 |     1 ||     2
 Armour: Leather armour    |     7 |    10 ||    17
  Dodge: Dodged            |    23 |    35 ||    58

Table legend: (Time is in decaauts)
 A = Elapsed time spent in this place.
 B = Non-inter-level travel time spent in this place.
 C = Inter-level travel time spent in this place.
 D = Time resting spent in this place.
 E = Time spent auto-exploring this place.
 F = Levels seen in this place.
 G = Mean time per level.
                   A        B        C        D        E       F      G
               +--------+--------+--------+--------+--------+-----+--------+
         Total |   1321 |   1303 |     18 |     15 |   1059 |   3 |  440.3 |
       Dungeon |   1321 |   1303 |     18 |     15 |   1059 |   3 |  440.3 |
               +--------+--------+--------+--------+--------+-----+--------+

Top non-repeatable levels by time:
     D:1: 748 daAuts
     D:2: 518 daAuts
     D:3: 54 daAuts
